 Dungeon Crawl Stone Soup version 0.30.0-29-ga12c61a403 (webtiles) character file.

Game seed: 4733967900152027850

9934 qw the Cleaver (level 11, 0/71 HPs)
             Began as a Gargoyle Fighter on June 2, 2023.
             Was a Believer of Okawaru.
             Slain by a four-headed hydra (7 damage)
             ... on level 10 of the Dungeon.
             The game lasted 00:05:15 (9853 turns).

qw the Cleaver (Gargoyle Fighter)                   Turns: 9853, Time: 00:05:16

Health: 0/71       AC: 30    Str: 25    XL:     11   Next: 54%
Magic:  14/14      EV:  9    Int:  8    God:    Okawaru [**....]
Gold:   397        SH:  6    Dex: 11    Spells: 10/10 levels left

rFire   + . .        w - +0 flail
rCold   . . .        c - +0 buckler
rNeg    + . .        v - +1 plate armour
rPois   inf          e - +2 hat
rElec   +            n - +2 cloak
rCorr   .            (no gloves)
SInv    +            (no boots)
Will    .....        (no amulet) Stlth
                     j - ring of Qetia {Fly Dex+2 SInv}
HPRegen 0.31/turn    r - ring of protection from fire
MPRegen 0.14/turn

%: no passive effects
@: about to teleport, heroic, flying
A: sickness immunity, AC +8, negative energy resistance 1, electricity
resistance, torment resistance 1, petrification resistance
a: Renounce Religion, Heroism


You were on level 10 of the Dungeon.
You worshipped Okawaru.
Okawaru was pleased with you.
You visited 2 branches of the dungeon, and saw 11 of its levels.
You also visited: Ossuary.

You collected 600 gold pieces.
You spent 203 gold pieces at shops.


Innate Abilities, Weirdness & Mutations

You are immune to sickness and miasma.
Your stone body is resilient. (AC +8)
You are immune to poison.
You resist negative energy. (rN+)
You are resistant to electric shocks. (rElec)
You are resistant to unholy torment.
You are immune to petrification.


   Skills:
 + Level 9.1(14.1) Fighting
 - Level 12.0(17.0) Axes
 - Level 1.2(6.2) Throwing
 - Level 8.0(13.0) Armour
 - Level 2.1(7.1) Dodging
 - Level 6.0(11.0) Shields
 - Level 4.0 Invocations


You had 10 spell levels left.
You didn't know any spells.
Your spell library was empty.

Inventory:

Hand Weapons
 w - a +0 flail (weapon)
 Y - a +4 war axe
Armour
 c - a +0 buckler (worn)
 e - a +2 hat (worn)
 m - a scarf of repulsion
 n - a +2 cloak (worn)
 u - a +2 hat
 v - a +1 plate armour (worn)
Jewellery
 j - the ring of Qetia (left hand) {Fly Dex+2 SInv}
   (You acquired it on level 4 of the Dungeon)

   [ring of see invisible]

   Dex:       It affects your dexterity (+2).
   SInv:      It lets you see invisible.
   Fly:       It grants you flight.
 k - a ring of fire
 q - an amulet of regeneration
 r - a ring of protection from fire (right hand)
Wands
 f - a wand of digging (10)
Scrolls
 a - 11 scrolls of identify
 i - 4 scrolls of teleportation
Potions
 b - 2 potions of haste
 d - a potion of might
 g - a potion of cancellation
 h - 6 potions of curing
 l - 3 potions of attraction
 o - 3 potions of lignification
 p - 2 potions of mutation
 s - a potion of resistance
 t - a potion of magic

Dungeon Overview and Level Annotations

Branches:
Dungeon (10/15)            Temple (1/1) D:6            Lair (0/5) D:10
    Orc (0/2) D:10        Ossuary (visited)

Altars:
Ashenzari
Cheibriados
Elyvilon
Fedhas
Gozag
Hepliaklqana
Kikubaaqudgha
Makhleb
Nemelex Xobeh
Okawaru
Qazlal
Ru
Sif Muna
Trog
Uskayaw
Vehumet
Wu Jian
Xom
Yredelemnul
Zin
The Shining One

Shops:
D:4 *!

Annotations:
D:4 2 transporters, qw's ghost, novice GrFi
D:5 1 runed translucent door, qw's ghost, novice GrFi


Message History

The four-headed hydra is moderately wounded.
The four-headed hydra bites you but does no damage. x2
The four-headed hydra completely misses you.
The four-headed hydra bites you! The troll bites you but does no damage.
The troll barely misses you. The troll claws you.
You barely miss the four-headed hydra.
The four-headed hydra is moderately wounded.
The four-headed hydra bites you but does no damage.
The four-headed hydra barely misses you.
The four-headed hydra bites you but does no damage. x2
The troll closely misses you. You block the troll's attack.
The troll claws you.
You hit the four-headed hydra.
The four-headed hydra is heavily wounded.
The four-headed hydra completely misses you.
The four-headed hydra bites you but does no damage. x3
You sock the four-headed hydra!
The four-headed hydra is heavily wounded.
The troll barely misses you. You block the troll's attack.
The troll closely misses you. The four-headed hydra bites you!
The four-headed hydra bites you but does no damage. x3
You sock the four-headed hydra!
The four-headed hydra is heavily wounded.
You block the troll's attack. The troll claws you.
The troll claws you but does no damage.
9852 ||| READING 5 scrolls of teleportation.
As you read the scroll of teleportation, it crumbles to dust.
You feel strangely unstable. The four-headed hydra bites you.
You block the four-headed hydra's attack.
The four-headed hydra barely misses you.
The four-headed hydra bites you but does no damage.
The troll barely misses you. You block the troll's attack.
The troll barely misses you.
You hit the four-headed hydra.
The four-headed hydra is heavily wounded.
The four-headed hydra bites you but does no damage.
You block the four-headed hydra's attack.
The four-headed hydra bites you but does no damage.
The four-headed hydra bites you!
You die...

#....'.....# #....#.###.#
.~~~... #....#.# #.#
.~..... #......###.####
..c..~. ####.....####.).
....... #.....8.....###.
....D.T ##..........)#.))
.......##...........).#..
....~~.#@.8....>....8....
......cDT....[........###
..[###).)#...........#..!
#...#.....8.....#...
########.....#######
....##.# ....##.# .. #.#
#### ##.#####


You could see a four-headed hydra, a troll and a centaur.

Vanquished Creatures
  2 two-headed ogres
  4 death yaks (D:10)
  A gargoyle (D:10)
  A hornet (D:8)
  Grinder (D:5)
  Sigmund (D:4)
  A wyvern (D:7)
  A wraith (D:9)
  Eustachio (D:6)
  A steam dragon (D:8)
  10 yaks (D:8)
  A water moccasin (D:6)
  2 acid dragons (D:9)
  5 orc warriors
  2 sky beasts (D:7)
  2 ice beasts
  An ogre (D:6)
  3 kobold brigands (D:8)
  3 bullfrogs
  A gnoll sergeant (D:6)
  3 scorpions
  10 wights
  5 killer bees
  An orc priest (D:8)
  2 hounds
  A jelly (D:6)
  4 gnoll boudas
  Jessica (D:3)
  3 iguanas
  5 sleepcaps
  Natasha (thrice) (D:2)
  4 orc wizards
  A mummy (Ossuary)
  19 gnolls
  7 adders
  4 white imps
  2 worms
  2 dart slugs
  29 orcs
  7 spectral bats (Ossuary)
  5 ball pythons
  5 bats
  6 endoplasms
  2 giant cockroaches
  4 goblins
  9 hobgoblins
  21 kobolds
  5 quokkas
  6 bat simulacra (Ossuary)
  5 frilled lizards
  12 gnoll zombies (Ossuary)
  2 goblin simulacra (Ossuary)
  7 goblin zombies
  7 hobgoblin zombies (Ossuary)
  3 kobold simulacra (Ossuary)
  A kobold zombie (Ossuary)
  4 orc zombies (Ossuary)
  A quokka zombie (D:4)
  7 rats
  2 rat simulacra (Ossuary)
  4 spectral goblins (Ossuary)
  2 spectral kobolds (Ossuary)
  2 spectral rats (Ossuary)
279 creatures vanquished.

Notes
Turn   | Place    | Note
-------+----------+-------------------------------------------
     0 | D:1      | qw the Gargoyle Fighter began the quest for the Orb.
     0 | D:1      | Reached XP level 1. HP: 14/14 MP: 1/1
     0 | D:1      | 0 ||| qw: Version: 0.2-a-102-gdf20003
     0 | D:1      | 0 ||| qw: Game counter: 913
     0 | D:1      | 0 ||| qw: Always use a shield: true
     0 | D:1      | 0 ||| qw: God list: Okawaru
     0 | D:1      | 0 ||| qw: Allow faded altars: false
     0 | D:1      | 0 ||| qw: Do Orc after D:15 true
     0 | D:1      | 0 ||| qw: Do second Lair branch before Depths: true
     0 | D:1      | 0 ||| qw: Lair rune preference: random
     0 | D:1      | 0 ||| qw: Plans: Normal, Zot:1-4, Slime:5, God:TSO, Crypt,
                  | Tomb, Pan, Hells, Abyss, Win
     0 | D:1      | 0 ||| PLANNING D:1-11
    97 | D:1      | Reached skill level 2 in Axes
   161 | D:1      | 161 ||| Stepping ~*~*~tactically~*~*~ (stealth).
   162 | D:1      | 162 ||| Stepping ~*~*~tactically~*~*~ (stealth).
   173 | D:1      | Reached XP level 2. HP: 15/19 MP: 2/2
   184 | D:1      | 184 ||| FLEEEEING.
   463 | D:1      | 463 ||| DROPPING +0 whip.
   778 | D:1      | 778 ||| READING 2 scrolls labelled BECANU ZASK.
   779 | D:1      | 779 ||| READING scroll labelled SUYFFIMUTU.
   880 | D:1      | 880 ||| READING scroll labelled EZAEDW FIOTZAARCH.
   881 | D:1      | 881 ||| READING scroll labelled CAUTOJ LOIZ.
   894 | D:1      | 894 ||| READING scroll labelled WUANLA BUTO.
   895 | D:1      | 895 ||| READING scroll labelled UTAABL NIDIEGG.
   896 | D:1      | 896 ||| DRINKING 3 sedimented coppery potions.
   942 | D:2      | Reached skill level 3 in Axes
   942 | D:2      | Reached XP level 3. HP: 23/23 MP: 3/3
   947 | D:2      | You fall into a shaft and drop 1 floor!
   996 | D:3      | 996 ||| Stepping ~*~*~tactically~*~*~ (stealth).
  1013 | D:3      | Noticed Jessica
  1021 | D:3      | Killed Jessica
  1022 | D:3      | Reached skill level 4 in Axes
  1022 | D:3      | Reached XP level 4. HP: 26/28 MP: 4/4
  1035 | D:3      | 1035 ||| Stepping ~*~*~tactically~*~*~ (stealth).
  1036 | D:3      | 1036 ||| Stepping ~*~*~tactically~*~*~ (stealth).
  1057 | D:3      | 1057 ||| READING scroll labelled QIATAU NIOM.
  1058 | D:3      | 1058 ||| DRINKING 2 bubbling emerald potions.
  1059 | D:3      | 1059 ||| DRINKING 2 white potions.
  1158 | D:2      | Noticed Natasha
  1166 | D:2      | Killed Natasha
  1234 | D:2      | 1234 ||| Stepping ~*~*~tactically~*~*~ (hiding).
  1243 | D:2      | Reached XP level 5. HP: 29/32 MP: 5/5
  1269 | D:2      | 1269 ||| Stepping ~*~*~tactically~*~*~ (stealth).
  1357 | D:2      | Found an opulent altar of Gozag.
  1391 | D:2      | 1391 ||| Stepping ~*~*~tactically~*~*~ (stealth).
  1529 | D:2      | Noticed Natasha
  1530 | D:2      | 1530 ||| Stepping ~*~*~tactically~*~*~ (stealth).
  1532 | D:2      | 1532 ||| Stepping ~*~*~tactically~*~*~ (hiding).
  1538 | D:2      | Killed Natasha
  1539 | D:2      | Reached skill level 5 in Axes
  1597 | D:2      | Noticed Natasha
  1598 | D:2      | 1598 ||| Stepping ~*~*~tactically~*~*~ (stealth).
  1600 | D:2      | 1600 ||| Stepping ~*~*~tactically~*~*~ (hiding).
  1606 | D:2      | Killed Natasha
  1747 | D:2      | 1747 ||| UPGRADING to +2 hat.
  1752 | D:2      | 1752 ||| READING scroll labelled UCUFFE SINTEU.
  1753 | D:2      | 1753 ||| READING 2 scrolls labelled IHUBRY MOLL.
  1754 | D:2      | 1754 ||| READING 5 scrolls of identify.
  1754 | D:2      | 1754 ||| IDENTIFYING viscous cyan potion
  1755 | D:2      | 1755 ||| DROPPING potion of flight.
  1756 | D:2      | 1756 ||| DROPPING scroll of poison.
  1807 | D:3      | Found a basalt altar of Yredelemnul.
  1825 | D:3      | Found a faded altar of an unknown god.
  1829 | D:3      | 1829 ||| Stepping ~*~*~tactically~*~*~ (stealth).
  2010 | D:3      | Found a stormy altar of Qazlal.
  2086 | D:3      | 2086 ||| UPGRADING to +1 cloak.
  2091 | D:3      | 2091 ||| READING scroll of enchant armour.
  2091 | D:3      | 2091 ||| ENCHANTING +1 cloak.
  2092 | D:3      | 2092 ||| READING 2 scrolls labelled COTEKKULIN.
  2096 | D:3      | 2096 ||| READING scroll labelled MISOEH HUANERAWN.
  2109 | D:4      | 2109 ||| PLANNING OSSUARY
  2128 | D:4      | Reached XP level 6. HP: 37/39 MP: 6/6
  2134 | D:4      | 2134 ||| STAIRDANCE
  2178 | D:4      | Reached skill level 1 in Dodging
  2252 | D:4      | Noticed Sigmund
  2253 | D:4      | 2253 ||| Stepping ~*~*~tactically~*~*~ (hiding).
  2259 | D:4      | 2259 ||| DRINKING potion of curing.
  2259 | D:4      | 2259 ||| (to cure confusion)
  2261 | D:4      | Killed Sigmund
  2267 | D:4      | Reached skill level 6 in Axes
  2267 | D:4      | Reached XP level 7. HP: 38/44 MP: 7/7
  2402 | D:4      | Found Uggy's Distillery.
  2411 | D:4      | 2411 ||| BUYING potion of curing (39 gold).
  2411 | D:4      | Bought a potion of curing for 39 gold pieces
  2411 | D:4      | 2411 ||| BUYING potion of lignification (39 gold).
  2411 | D:4      | Bought a potion of lignification for 39 gold pieces
  2411 | D:4      | 2411 ||| BUYING potion of mutation (104 gold).
  2411 | D:4      | Bought a potion of mutation for 104 gold pieces
  2458 | D:4      | Found a transporter.
  2458 | D:4      | Identified the +5 dire flail "Qaitylies" {spect, *Corrode
                  | Dex+4 SInv}
  2458 | D:4      | Noticed qw's ghost (novice GrFi)
  2496 | D:4      | Found a transporter.
  2574 | D:4      | Found a sand-covered staircase.
  2575 | D:4      | 2575 ||| READING scroll labelled BIXIKLEOTIO.
  2586 | Ossuary  | Entered an ossuary
  2689 | Ossuary  | 2689 ||| FLEEEEING.
  2690 | Ossuary  | 2690 ||| FLEEEEING.
  2691 | Ossuary  | 2691 ||| FLEEEEING.
  2693 | Ossuary  | 2693 ||| FLEEEEING.
  2694 | Ossuary  | 2694 ||| FLEEEEING.
  2695 | Ossuary  | 2695 ||| FLEEEEING.
  2696 | Ossuary  | 2696 ||| FLEEEEING.
  2698 | Ossuary  | 2698 ||| FLEEEEING.
  2701 | Ossuary  | 2701 ||| FLEEEEING.
  2702 | Ossuary  | 2702 ||| FLEEEEING.
  3040 | Ossuary  | 3040 ||| READING scroll labelled HOLYMEENGA.
  3041 | Ossuary  | 3041 ||| DRINKING 2 coppery potions.
  3042 | Ossuary  | 3042 ||| READING 11 scrolls of identify.
  3042 | Ossuary  | 3042 ||| IDENTIFYING fizzy clear potion
  3043 | Ossuary  | 3043 ||| DROPPING potion of degeneration.
  3044 | Ossuary  | 3044 ||| DROPPING potion of brilliance.
  3067 | D:4      | 3067 ||| PLANNING D:1-11
  3245 | D:4      | Found Wiannaps's Assorted Antiques.
  3256 | D:4      | 3256 ||| SHOPLISTING encrusted ruby ring (105 gold, have
                  | 35).
  3256 | D:4      | 3256 ||| SHOPLISTING lumpy emerald amulet (105 gold, have
                  | 35).
  3256 | D:4      | 3256 ||| SHOPLISTING scratched iron ring (105 gold, have
                  | 35).
  3256 | D:4      | 3256 ||| BUYING scroll labelled XATIOS DYEPNIM (21 gold).
  3256 | D:4      | Bought a scroll labelled XATIOS DYEPNIM for 21 gold pieces
  3314 | D:4      | Found a glowing golden altar of the Shining One.
  3348 | D:4      | Found a radiant altar of Vehumet.
  3349 | D:4      | Found a broken altar of Ashenzari.
  3421 | D:4      | 3421 ||| READING scroll labelled XATIOS DYEPNIM.
  3421 | D:4      | 3421 ||| ACQUIRING ring of Qetia {Fly Dex+2 SInv}
  3421 | D:4      | Acquired the ring of Qetia {Fly Dex+2 SInv}
  3423 | D:4      | 3423 ||| UPGRADING to ring of Qetia {Fly Dex+2 SInv}.
  3452 | D:5      | Entered Level 5 of the Dungeon
  3453 | D:5      | 3453 ||| PLANNING SEWER
  3558 | D:5      | Noticed Grinder
  3572 | D:5      | Paralysed by Grinder for 2 turns
  3582 | D:5      | Killed Grinder
  3583 | D:5      | Reached skill level 7 in Axes
  3640 | D:5      | Found a runed translucent door.
  3647 | D:5      | Noticed qw's ghost (novice GrFi)
  3786 | D:5      | Reached XP level 8. HP: 36/48 MP: 8/8
  3912 | D:5      | Reached skill level 1 in Throwing
  3919 | D:5      | 3919 ||| SWAPPING to +4 war axe.
  3920 | D:5      | 3920 ||| DROPPING +0 war axe.
  3935 | D:5      | Reached skill level 8 in Axes
  3980 | D:5      | 3980 ||| Stepping ~*~*~tactically~*~*~ (hiding).
  4142 | D:5      | 4142 ||| RIP SEWER
  4143 | D:5      | 4143 ||| PLANNING D:1-11
  4147 | D:5      | Reached skill level 6 in Fighting
  4388 | D:5      | 4388 ||| Stepping ~*~*~tactically~*~*~ (stealth).
  4390 | D:5      | 4390 ||| Stepping ~*~*~tactically~*~*~ (hiding).
  4619 | D:5      | 4619 ||| UPGRADING to +0 chain mail.
  4629 | D:5      | 4629 ||| DROPPING +0 scale mail.
  4630 | D:5      | 4630 ||| DRINKING 2 orange potions.
  4631 | D:5      | 4631 ||| DRINKING 2 emerald potions.
  4672 | D:6      | Noticed Eustachio
  4707 | D:6      | Killed Eustachio
  4792 | D:6      | Found a staircase to the Ecumenical Temple.
  4793 | D:6      | 4793 ||| PLANNING TEMPLE
  4793 | D:6      | 4793 ||| READING 10 scrolls of identify.
  4793 | D:6      | 4793 ||| IDENTIFYING metallic emerald potion
  4800 | Temple   | Entered the Ecumenical Temple
  4801 | Temple   | 4801 ||| PLANNING OKAWARU WORSHIP
  4863 | Temple   | Became a worshipper of Warmaster Okawaru
  4863 | Temple   | 4863 ||| PLANNING D:1-11
  4936 | D:6      | 4936 ||| Stepping ~*~*~tactically~*~*~ (hiding).
  4938 | D:6      | 4938 ||| Stepping ~*~*~tactically~*~*~ (hiding).
  5054 | D:6      | HP: 6/51 [gnoll sergeant/+0 trident (10)]
  5055 | D:6      | 5055 ||| READING 4 scrolls of teleportation.
  5056 | D:6      | 5056 ||| DRINKING 2 potions of heal wounds.
  5059 | D:6      | 5059 ||| DRINKING potion of heal wounds.
  5068 | D:6      | Reached skill level 9 in Axes
  5073 | D:6      | Reached XP level 9. HP: 33/55 MP: 9/9
  5083 | D:6      | 5083 ||| Stepping ~*~*~tactically~*~*~ (stealth).
  5084 | D:6      | 5084 ||| Stepping ~*~*~tactically~*~*~ (hiding).
  5106 | D:6      | 5106 ||| Stepping ~*~*~tactically~*~*~ (hiding).
  5144 | D:6      | 5144 ||| Stepping ~*~*~tactically~*~*~ (stealth).
  5147 | D:6      | 5147 ||| FLEEEEING.
  5211 | D:6      | Reached * piety under Okawaru
  5232 | D:6      | 5232 ||| FLEEEEING.
  5233 | D:6      | 5233 ||| FLEEEEING.
  5234 | D:6      | 5234 ||| FLEEEEING.
  5242 | D:6      | 5242 ||| FLEEEEING.
  5243 | D:6      | 5243 ||| FLEEEEING.
  5244 | D:6      | 5244 ||| FLEEEEING.
  5245 | D:6      | 5245 ||| FLEEEEING.
  5246 | D:6      | 5246 ||| FLEEEEING.
  5247 | D:6      | 5247 ||| FLEEEEING.
  5248 | D:6      | 5248 ||| FLEEEEING.
  5249 | D:6      | 5249 ||| FLEEEEING.
  5250 | D:6      | 5250 ||| FLEEEEING.
  5251 | D:6      | 5251 ||| FLEEEEING.
  5252 | D:6      | 5252 ||| FLEEEEING.
  5253 | D:6      | 5253 ||| FLEEEEING.
  5254 | D:6      | 5254 ||| FLEEEEING.
  5255 | D:6      | 5255 ||| FLEEEEING.
  5261 | D:6      | 5261 ||| FLEEEEING.
  5262 | D:6      | 5262 ||| FLEEEEING.
  5263 | D:6      | 5263 ||| FLEEEEING.
  5264 | D:6      | 5264 ||| FLEEEEING.
  5265 | D:6      | 5265 ||| FLEEEEING.
  5266 | D:6      | 5266 ||| FLEEEEING.
  5267 | D:6      | 5267 ||| FLEEEEING.
  5268 | D:6      | 5268 ||| FLEEEEING.
  5269 | D:6      | 5269 ||| FLEEEEING.
  5273 | D:6      | 5273 ||| FLEEEEING.
  5274 | D:6      | 5274 ||| STAIRDANCE
  5422 | D:6      | 5422 ||| Stepping ~*~*~tactically~*~*~ (hiding).
  5554 | D:6      | Identified the +1 leather armour of the Inviting Gods
                  | {rElec Str+4}
  5674 | D:6      | 5674 ||| INVOKING Heroism.
  5740 | D:6      | 5740 ||| Stepping ~*~*~tactically~*~*~ (hiding).
  5927 | D:7      | 5927 ||| STAIRDANCE
  5933 | D:6      | 5933 ||| INVOKING Heroism.
  6174 | D:7      | Reached skill level 1 in Invocations
  6387 | D:7      | Reached skill level 10 in Axes
  6410 | D:7      | Reached skill level 3 in Invocations
  6861 | D:7      | 6861 ||| DROPPING +1 ring mail of positive energy.
  6862 | D:7      | 6862 ||| READING scroll labelled KYQYNN HAEGGU.
  6863 | D:7      | 6863 ||| READING 11 scrolls of identify.
  6863 | D:7      | 6863 ||| IDENTIFYING lumpy orange potion
  6864 | D:7      | 6864 ||| DROPPING potion of berserk rage.
  6990 | D:8      | 6990 ||| Stepping ~*~*~tactically~*~*~ (stealth).
  6992 | D:8      | 6992 ||| Stepping ~*~*~tactically~*~*~ (stealth).
  6994 | D:8      | 6994 ||| Stepping ~*~*~tactically~*~*~ (stealth).
  7041 | D:8      | 7041 ||| Stepping ~*~*~tactically~*~*~ (stealth).
  7048 | D:8      | 7048 ||| INVOKING Heroism.
  7060 | D:8      | 7060 ||| Stepping ~*~*~tactically~*~*~ (hiding).
  7064 | D:8      | 7064 ||| Stepping ~*~*~tactically~*~*~ (hiding).
  7067 | D:8      | 7067 ||| Stepping ~*~*~tactically~*~*~ (hiding).
  7081 | D:8      | Reached ** piety under Okawaru
  7094 | D:8      | 7094 ||| DROPPING +1 whip of draining.
  7103 | D:8      | 7103 ||| INVOKING Heroism.
  7182 | D:8      | Reached XP level 10. HP: 63/63 MP: 13/13
  7222 | D:8      | 7222 ||| INVOKING Heroism.
  7399 | D:8      | Noticed a two-headed ogre
  7400 | D:8      | 7400 ||| INVOKING Heroism.
  7407 | D:8      | Killed a two-headed ogre
  7483 | D:8      | 7483 ||| Stepping ~*~*~tactically~*~*~ (stealth).
  7503 | D:8      | Reached *** piety under Okawaru
  7506 | D:8      | 7506 ||| INVOKING Heroism.
  7512 | D:8      | 7512 ||| FLEEEEING.
  7513 | D:8      | 7513 ||| FLEEEEING.
  7514 | D:8      | 7514 ||| FLEEEEING.
  7515 | D:8      | 7515 ||| FLEEEEING.
  7516 | D:8      | 7516 ||| FLEEEEING.
  7518 | D:8      | 7518 ||| FLEEEEING.
  7519 | D:8      | 7519 ||| FLEEEEING.
  7520 | D:8      | 7520 ||| FLEEEEING.
  7521 | D:8      | 7521 ||| FLEEEEING.
  7522 | D:8      | 7522 ||| FLEEEEING.
  7523 | D:8      | 7523 ||| FLEEEEING.
  7524 | D:8      | 7524 ||| FLEEEEING.
  7525 | D:8      | 7525 ||| FLEEEEING.
  7529 | D:8      | 7529 ||| INVOKING Heroism.
  7536 | D:8      | 7536 ||| FLEEEEING.
  7537 | D:8      | 7537 ||| FLEEEEING.
  7538 | D:8      | 7538 ||| FLEEEEING.
  7539 | D:8      | 7539 ||| FLEEEEING.
  7540 | D:8      | 7540 ||| FLEEEEING.
  7541 | D:8      | 7541 ||| FLEEEEING.
  7542 | D:8      | 7542 ||| FLEEEEING.
  7544 | D:8      | 7544 ||| FLEEEEING.
  7545 | D:8      | 7545 ||| FLEEEEING.
  7546 | D:8      | 7546 ||| FLEEEEING.
  7547 | D:8      | 7547 ||| FLEEEEING.
  7549 | D:8      | 7549 ||| FLEEEEING.
  7550 | D:8      | 7550 ||| FLEEEEING.
  7551 | D:8      | 7551 ||| FLEEEEING.
  7552 | D:8      | 7552 ||| FLEEEEING.
  7553 | D:8      | 7553 ||| FLEEEEING.
  7554 | D:8      | 7554 ||| FLEEEEING.
  7555 | D:8      | 7555 ||| FLEEEEING.
  7556 | D:8      | 7556 ||| FLEEEEING.
  7558 | D:8      | 7558 ||| FLEEEEING.
  7559 | D:8      | 7559 ||| FLEEEEING.
  7560 | D:8      | 7560 ||| FLEEEEING.
  7561 | D:8      | 7561 ||| FLEEEEING.
  7562 | D:8      | 7562 ||| FLEEEEING.
  7563 | D:8      | 7563 ||| FLEEEEING.
  7564 | D:8      | 7564 ||| FLEEEEING.
  7565 | D:8      | 7565 ||| FLEEEEING.
  7566 | D:8      | 7566 ||| FLEEEEING.
  7567 | D:8      | 7567 ||| FLEEEEING.
  7568 | D:8      | 7568 ||| FLEEEEING.
  7569 | D:8      | 7569 ||| FLEEEEING.
  7570 | D:8      | 7570 ||| FLEEEEING.
  7571 | D:8      | 7571 ||| FLEEEEING.
  7572 | D:8      | 7572 ||| FLEEEEING.
  7573 | D:8      | 7573 ||| FLEEEEING.
  7574 | D:8      | 7574 ||| FLEEEEING.
  7575 | D:8      | 7575 ||| FLEEEEING.
  7576 | D:8      | 7576 ||| FLEEEEING.
  7577 | D:8      | 7577 ||| FLEEEEING.
  7578 | D:8      | 7578 ||| FLEEEEING.
  7579 | D:8      | 7579 ||| FLEEEEING.
  7581 | D:8      | 7581 ||| FLEEEEING.
  7582 | D:8      | 7582 ||| FLEEEEING.
  7583 | D:8      | 7583 ||| FLEEEEING.
  7584 | D:8      | 7584 ||| FLEEEEING.
  7585 | D:8      | 7585 ||| FLEEEEING.
  7586 | D:8      | 7586 ||| FLEEEEING.
  7587 | D:8      | 7587 ||| FLEEEEING.
  7588 | D:8      | 7588 ||| FLEEEEING.
  7590 | D:8      | 7590 ||| INVOKING Heroism.
  7764 | D:8      | 7764 ||| INVOKING Heroism.
  7771 | D:8      | Reached skill level 11 in Axes
  7771 | D:8      | 7771 ||| Stepping ~*~*~tactically~*~*~ (cloud).
  7874 | D:8      | 7874 ||| INVOKING Heroism.
  8029 | D:8      | 8029 ||| Stepping ~*~*~tactically~*~*~ (stealth).
  8071 | D:8      | 8071 ||| DROPPING +2 cloak.
  8072 | D:8      | 8072 ||| UPGRADING to +0 plate armour.
  8082 | D:8      | 8082 ||| DROPPING +0 chain mail.
  8083 | D:8      | 8083 ||| READING 12 scrolls of identify.
  8083 | D:8      | 8083 ||| IDENTIFYING bubbling ruby potion
  8231 | D:9      | 8231 ||| READING scroll of enchant armour.
  8231 | D:9      | 8231 ||| ENCHANTING +0 plate armour.
  8308 | D:9      | Noticed a two-headed ogre
  8309 | D:9      | 8309 ||| INVOKING Heroism.
  8317 | D:9      | Killed a two-headed ogre
  8318 | D:9      | Reached skill level 6 in Armour
  8321 | D:9      | Reached XP level 11. HP: 39/68 MP: 12/14
  8493 | D:9      | 8493 ||| Stepping ~*~*~tactically~*~*~ (hiding).
  8499 | D:9      | 8499 ||| INVOKING Heroism.
  8541 | D:9      | 8541 ||| DROPPING +0 mace of draining.
  9126 | D:9      | 9126 ||| INVOKING Heroism.
  9131 | D:9      | Reached skill level 9 in Fighting
  9171 | D:9      | 9171 ||| UPGRADING to ring of protection from fire.
  9172 | D:9      | 9172 ||| READING 12 scrolls of identify.
  9172 | D:9      | 9172 ||| IDENTIFYING murky sapphire potion
  9173 | D:9      | 9173 ||| DROPPING potion of ambrosia.
  9181 | D:10     | Entered Level 10 of the Dungeon
  9244 | D:10     | Noticed a death yak
  9245 | D:10     | 9245 ||| INVOKING Heroism.
  9265 | D:10     | Killed a death yak
  9318 | D:10     | Noticed a death yak
  9319 | D:10     | 9319 ||| FLEEEEING.
  9409 | D:10     | Found a staircase to the Lair.
  9418 | D:10     | 9418 ||| Stepping ~*~*~tactically~*~*~ (stealth).
  9418 | D:10     | Noticed a death yak
  9418 | D:10     | Noticed a death yak
  9419 | D:10     | 9419 ||| Stepping ~*~*~tactically~*~*~ (stealth).
  9420 | D:10     | 9420 ||| INVOKING Heroism.
  9420 | D:10     | Noticed a death yak
  9424 | D:10     | Noticed a death yak
  9430 | D:10     | Killed a death yak
  9436 | D:10     | Killed a death yak
  9437 | D:10     | Reached skill level 12 in Axes
  9438 | D:10     | Killed a death yak
  9439 | D:10     | 9439 ||| INVOKING Heroism.
  9440 | D:10     | HP: 16/71 [death yak (14)]
  9441 | D:10     | 9441 ||| READING 6 scrolls of teleportation.
  9442 | D:10     | 9442 ||| DRINKING potion of heal wounds.
  9672 | D:10     | 9672 ||| Stepping ~*~*~tactically~*~*~ (hiding).
  9675 | D:10     | 9675 ||| Stepping ~*~*~tactically~*~*~ (hiding).
  9676 | D:10     | 9676 ||| Stepping ~*~*~tactically~*~*~ (hiding).
  9680 | D:10     | 9680 ||| INVOKING Heroism.
  9698 | D:10     | 9698 ||| Stepping ~*~*~tactically~*~*~ (stealth).
  9707 | D:10     | Found a staircase to the Orcish Mines.
  9709 | D:10     | 9709 ||| Stepping ~*~*~tactically~*~*~ (hiding).
  9714 | D:10     | 9714 ||| INVOKING Heroism.
  9818 | D:10     | Reached skill level 6 in Shields
  9829 | D:10     | 9829 ||| Stepping ~*~*~tactically~*~*~ (stealth).
  9834 | D:10     | 9834 ||| Stepping ~*~*~tactically~*~*~ (stealth).
  9836 | D:10     | Noticed a four-headed hydra
  9837 | D:10     | 9837 ||| INVOKING Heroism.
  9840 | D:10     | 9840 ||| Stepping ~*~*~tactically~*~*~ (hiding).
  9843 | D:10     | 9843 ||| SWAPPING to +0 flail.
  9851 | D:10     | HP: 13/71 [troll (5)]
  9852 | D:10     | 9852 ||| READING 5 scrolls of teleportation.
  9853 | D:10     | Slain by a four-headed hydra

Levels and vault maps discovered:
D:1:      nicolae_arrival_somewhat_less_tricky_arrival, layout_loops_ring,
          minmay_misc_feat_cross, st_stairs_6, skrybe_limestone_x, minivault_25
D:2:      layout_loops_ring, basic_altar, uniq_natasha
D:3:      layout_rooms, yredelemnul_altar_generic,
          nicolae_qazlal_eye_of_the_storm, ebering_ecumenical_altar_ruins,
          uniq_jessica
D:4:      layout_loops_ring, gammafunk_temple_overflow_pools,
          lemuel_doored_altar, serial_shops, shop, nicolae_shop_stone,
          gammafunk_ghost_smash, enter_ossuary_4, minmay_misc_feat_hallway,
          st_stairs_12, uniq_sigmund
D:5:      layout_basic, ebering_ghost_sewer_d, portal_sewer_entry_d,
          hangedman_abyss_or_decor_lesser_grid, uniq_grinder
D:6:      layout_loops_ring, minmay_temple_entry_offerings, hex_large,
          uniq_eustachio
D:7:      layout_gridville
D:8:      layout_basic
D:9:      layout_grid_maze, nrook_mini_backslash
D:10:     layout_basic, grunt_dithmenos_smoke, dpeg_lair_monsters, david_orc_2,
          fungi_pond_lemuel
Temple:   nicolae_temple_x_marks_the_god

Skill      XL: |  1  2  3  4  5  6  7  8  9 10 11 |
---------------+----------------------------------+-----
Axes           | 2 3 4 5 6 7 9 10 11 12 | 12.0
Fighting       | 4 6 7 8 9 |  9.1
Dodging        | 1 2 |  2.1
Throwing       | 1 |  1.2
Armour         | 4 7 8 |  8.0
Shields        | 4 5 6 |  6.0
Invocations    | 4 |  4.0

Action                     |  1- 3 |  4- 6 |  7- 9 | 10-12 || total
---------------------------+-------+-------+-------+-------++-------
  Melee: War axe           |    80 |   123 |   457 |   191 ||   851
         Flail             |       |       |       |     9 ||     9
  Throw: Boomerang         |       |       |    48 |       ||    48
 Invoke: Heroism           |       |       |     4 |    16 ||    20
    Use: Scroll            |     6 |     7 |     8 |     5 ||    26
         Potion            |     1 |     3 |     5 |     1 ||    10
 Armour: Scale mail        |    36 |    52 |   128 |       ||   216
         Chain mail        |       |       |   116 |    34 ||   150
         Plate armour      |       |       |       |    72 ||    72
  Dodge: Dodged            |    33 |    43 |   182 |    71 ||   329
  Block: Buckler           |    18 |    22 |    84 |    38 ||   162

Table legend:
 A = Non-vault XP
 B = Vault XP
 C = Vault XP percentage of total XP
 D = Non-vault monster count
 E = Vault monster count
 F = Vault count percentage of total count
                 A         B        C        D         E       F
            +---------+---------+-------+---------+---------+-------
      Total |    9802 |    4390 |  30.9 |     199 |      80 |  28.7
            +---------+---------+-------+---------+---------+-------
        D:1 |      25 |       2 |   7.4 |      15 |       1 |   6.2
        D:2 |     145 |      35 |  19.4 |      22 |       1 |   4.3
        D:3 |      79 |      37 |  31.9 |      17 |       1 |   5.6
        D:4 |     177 |     230 |  56.5 |      17 |       4 |  19.0
        D:5 |     778 |     285 |  26.8 |      24 |       2 |   7.7
        D:6 |    1086 |     203 |  15.7 |      23 |       1 |   4.2
        D:7 |     999 |       0 |   0.0 |      13 |       0 |   0.0
        D:8 |    4100 |       0 |   0.0 |      48 |       0 |   0.0
        D:9 |    1619 |       0 |   0.0 |      14 |       0 |   0.0
       D:10 |     794 |    3500 |  81.5 |       6 |      11 |  64.7
    Ossuary |       0 |      98 | 100.0 |       0 |      59 | 100.0
            +---------+---------+-------+---------+---------+-------
